 Dungeon Crawl Stone Soup version 0.22.1-6-g1668fe2c40 (console) character file.

618 lorken the Twirler (level 7, -4/52 HPs)
             Began as a Demonspawn Abyssal Knight on Jan 17, 2019.
             Was a Priest of Lugonu.
             Killed by nerve-wracking pain
             ... invoked by an orc priest
              (13 damage)
             ... on level 5 of the Dungeon.
             The game lasted 00:13:53 (2926 turns).

lorken the Twirler (Demonspawn Abyssal Knight)      Turns: 2926, Time: 00:13:54

Health: -4/52      AC: 10    Str: 19      XL:     7   Next: 21%
Magic:  0/8        EV: 10    Int: 15 (16) God:    Lugonu [***...]
Gold:   341        SH:  0    Dex: 17      Spells: 6/6 levels left

rFire    + . .     SeeInvis .   f - +0 short sword
rCold    . . .     Gourm    .   (no shield)
rNeg     . . .     Faith    .   d - +3 scale mail {rF+}
rPois    .         Spirit   +   (helmet restricted)
rElec    .         Reflect  .   (no cloak)
rCorr    .         Harm     .   (no gloves)
MR       .....     Clarity  +   (no boots)
Stlth    ..........             (no amulet)
HPRegen  0.17/turn              c - +5 ring of dexterity
MPRegen  0.22/turn              (no ring)

@: mighty
A: antennae 1, claws 1, clarity, clever 1, deterioration 1, spiny 2, magic
shield, magic regeneration
a: Depart the Abyss, Bend Space, Banish, Renounce Religion


You were on level 5 of the Dungeon.
You worshipped Lugonu.
Lugonu was most pleased with you.
You were not hungry.

You visited 1 branch of the dungeon, and saw 5 of its levels.
You visited the Abyss 1 time.

You collected 341 gold pieces.

Inventory:

Hand Weapons
 f - a +0 short sword (weapon)
 k - a +1 lajatang
Missiles
 a - 72 poisoned needles
Armour
 d - a +3 scale mail of fire resistance (worn)
Jewellery
 c - a +5 ring of dexterity (left claw)
Scrolls
 g - a scroll of teleportation
 i - a scroll of enchant armour
 j - 5 scrolls of identify
 l - 3 scrolls of remove curse
 n - a scroll of blinking
 o - a scroll of amnesia
 r - a scroll of fear
 s - a scroll of magic mapping {unknown}
Potions
 e - a potion of flight
 h - a potion of brilliance
 m - a potion of agility
 t - a potion of degeneration {unknown}
 u - a potion of curing
 v - a potion of resistance {unknown}
Comestibles
 b - 6 rations
 p - a chunk of flesh


   Skills:
 - Level 3.0 Fighting
 * Level 5.1 Staves
 + Level 4.3 Armour
 - Level 0.8 Dodging
 - Level 3.0 Unarmed Combat
 - Level 2.4 Invocations


You had 6 spell levels left.
You didn't know any spells.
Your spell library contained the following spells:

 Spells                   Type           Power        Failure   Level  Hunger
 Animate Skeleton         Necr           N/A          61%         1    ##.....
 Apportation              Tloc           #.....       61%         1    ##.....
 Confusing Touch          Hex            #.....       61%         1    ##.....
 Summon Small Mammal      Summ           #...         61%         1    ##.....


Dungeon Overview and Level Annotations

Branches:
Dungeon (5/15)
 Temple: D:4-7

Altars:
Cheibriados
Kikubaaqudgha
Nemelex Xobeh
Qazlal
Xom

Annotations:
D:4 Purgy


Innate Abilities, Weirdness & Mutations

You have a pair of small antennae on your head.
You are mostly covered in sharp spines.
When hurt, damage is shared between your health and your magic reserves.
You regenerate magic rapidly.
You have sharp fingernails.
You possess an exceptional clarity of mind.
Your mind is acute. (Int +2)
Your body sometimes deteriorates upon taking damage.


Message History

The orc is struck by your spines. The orc hits you with a dagger.
* * * LOW HITPOINT WARNING * * *
The orc priest invokes the aid of Beogh against you.
Beogh smites you!
* * * LOW HITPOINT WARNING * * *
You feel better. The orc is struck by your spines.
You kill the orc!
Lugonu accepts your kill.
The orc priest looks encouraged for a moment.
The orc priest mumbles some strange prayers to Beogh against you.
Beogh smites you!
* * * LOW HITPOINT WARNING * * *
Your body deteriorates!
You feel dopey. The orc priest misses you.
Items here: $ ))) [[ †† You feel better.
The adder is struck by your spines. The adder barely misses you.
The orc priest mumbles some strange prayers to Beogh against you.
Pain shoots through your body!
You die...

##.#... #. #..........###c .....#
#. ####.#.####...o ### #.....# #.
#.#.####.##. ..###.....###.
##'#......... #............#
##...#####.### #............##
##.....## #.### ......._......#
##.......###.##.
#.............####.........##....
..............oo@S.........'.....
..###.....###.####.........####..
#.# #.....# ##.....>.## ##. #.#
#.....# ##.....## #. #.# ###.#.#
##.(.## #. #.# #...# ##'## #. #.#
###.# #.# #. ..# #.# #.#########.
### #.# ##........##.


You could see 2 orc priests and an adder.

Vanquished Creatures
  A centaur (D:5)
  An ogre (D:4)
  A bullfrog skeleton (D:3)
  2 hounds (D:5)
  4 orc wizards
  A worker ant (D:5)
  A mummy (D:5)
  11 adders
  2 oozes
  2 adder skeletons (D:5)
  An adder zombie (D:4)
  A dart slug (D:1)
  A leopard gecko (D:4)
  12 orcs
  11 bats
  3 giant cockroaches
  3 goblins
  4 hobgoblins
  6 jackals
  4 quokkas
  2 frilled lizards (D:1)
  8 kobolds
  A leopard gecko skeleton (D:4)
  6 rats
89 creatures vanquished.

Vanquished Creatures (others)
  An orc wizard (D:4)
1 creature vanquished.

Grand Total: 90 creatures vanquished

Notes
Turn   | Place    | Note
-------+----------+-------------------------------------------
     0 | Abyss:1  | lorken the Demonspawn Abyssal Knight began the quest for
                  | the Orb.
     0 | Abyss:1  | Reached XP level 1. HP: 18/18 MP: 2/2
    92 | Abyss:3  | Noticed a stone giant zombie
   132 | Abyss:4  | Noticed an ancient zyme
   137 | Abyss:4  | Noticed an eye of draining
   138 | Abyss:4  | Noticed a smoke demon
   139 | D:1      | Escaped the Abyss
   348 | D:1      | Reached * piety under Lugonu
   434 | D:1      | Gained mutation: When hurt, damage is shared between your
                  | health and your magic reserves. [demonic ancestry]
   434 | D:1      | Reached XP level 2. HP: 22/24 MP: 3/3
   777 | D:3      | Gained mutation: You have a pair of small antennae on your
                  | head. [demonic ancestry]
   777 | D:3      | Reached XP level 3. HP: 8/29 MP: 1/4
  1314 | D:2      | Found a shimmering altar of Xom.
  1343 | D:2      | Found a faded altar of an unknown god.
  1377 | D:2      | Reached skill level 1 in Staves
  1400 | D:3      | Noticed an air elemental
  1402 | D:3      | Found a stormy altar of Qazlal.
  1403 | D:3      | Noticed a fire elemental
  1403 | D:3      | Noticed a water elemental
  1403 | D:3      | Noticed an earth elemental
  1408 | D:3      | Gained mutation: You are partially covered in sharp spines.
                  | [demonic ancestry]
  1408 | D:3      | Reached XP level 4. HP: 28/35 MP: 5/5
  1522 | D:3      | Reached ** piety under Lugonu
  1561 | D:3      | Reached skill level 2 in Staves
  1645 | D:3      | Gained mutation: You are mostly covered in sharp spines.
                  | [demonic ancestry]
  1645 | D:3      | Reached XP level 5. HP: 27/41 MP: 4/6
  1807 | D:3      | Reached skill level 3 in Staves
  2141 | D:4      | Found a sparkling altar of Nemelex Xobeh.
  2187 | D:4      | Noticed an ogre
  2206 | D:4      | Gained mutation: Your mind is acute. (Int +2) [potion of
                  | mutation]
  2206 | D:4      | Gained mutation: Your body sometimes deteriorates upon
                  | taking damage. [potion of mutation]
  2206 | D:4      | Gained mutation: You have sharp fingernails. [potion of
                  | mutation]
  2206 | D:4      | Gained mutation: You possess an exceptional clarity of
                  | mind. [potion of mutation]
  2208 | D:4      | Killed an ogre
  2208 | D:4      | Gained mutation: You regenerate magic rapidly. [demonic
                  | ancestry]
  2208 | D:4      | Reached XP level 6. HP: 14/47 MP: 2/7
  2259 | D:4      | Found an ancient bone altar of Kikubaaqudgha.
  2364 | D:4      | Reached skill level 4 in Staves
  2386 | D:4      | Noticed Purgy
  2405 | D:5      | Entered Level 5 of the Dungeon
  2655 | D:5      | Found a snail-covered altar of Cheibriados.
  2768 | D:5      | Reached *** piety under Lugonu
  2876 | D:5      | Reached XP level 7. HP: 26/52 MP: 6/8
  2919 | D:5      | Reached skill level 5 in Staves
  2926 | D:5      | Killed from afar by an orc priest

Skill      XL: |  1  2  3  4  5  6  7 |
---------------+----------------------+-----
Armour         | 2 3 4 |  4.3
Unarmed Combat | 2 3 |  3.0
Staves         | 1 2 3 4 5 |  5.1
Fighting       | |  3.0
Dodging        | |  0.8
Invocations    | |  2.4

Action                   |  1- 3 |  4- 6 |  7- 9 || total
-------------------------+-------+-------+-------++-------
Melee: Short sword       |   149 |   155 |     8 ||   312
       Lajatang          |     6 |     3 |       ||     9
       Punch             |       |     4 |       ||     4
Invok: Depart the Abyss  |     1 |       |       ||     1
       Bend Space        |       |     1 |       ||     1
  Use: Scroll            |    13 |     2 |       ||    15
       Potion            |     2 |     4 |     3 ||     9
  Eat: Chunk             |     1 |     5 |     1 ||     7
Armor: Scale mail        |    97 |    71 |     2 ||   170
Dodge: Dodged            |    84 |    78 |     4 ||   166
